 Dungeon Crawl Stone Soup version 0.30.0-19-gbf45117a57 (webtiles) character file.

Game seed: 5844332968626563946

300 qw the Chopper (level 6, -1/39 HPs)
             Began as a Gargoyle Fighter on May 25, 2023.
             Slain by a gnoll
             ... wielding a +0 spear
              (4 damage)
             ... on level 4 of the Dungeon.
             The game lasted 00:01:07 (2342 turns).

qw the Chopper (Gargoyle Fighter)                   Turns: 2342, Time: 00:01:07

Health: -1/39      AC: 11    Str: 21    XL:     6   Next: 36%
Magic:  6/6        EV:  9    Int:  9    God:
Gold:   170        SH:  4    Dex:  9    Spells: 5/5 levels left

rFire   . . .        Y - +1 war axe
rCold   . . .        c - +0 buckler
rNeg    + . .        b - +0 scale mail
rPois   inf          (no helmet)
rElec   +            (no cloak)
rCorr   .            (no gloves)
SInv    .            (no boots)
Will    .....        (no amulet) Stlth
                     (no ring)
HPRegen 0.26/turn    (no ring)
MPRegen 0.10/turn

%: no passive effects
@: no status effects
A: sickness immunity, AC +4, negative energy resistance 1, electricity
resistance, torment resistance 1, petrification resistance
a: no special abilities


You were on level 4 of the Dungeon.
You visited 1 branch of the dungeon, and saw 4 of its levels.

You collected 170 gold pieces.


Innate Abilities, Weirdness & Mutations

You are immune to sickness and miasma.
Your stone body is resilient. (AC +4)
You are immune to poison.
You resist negative energy. (rN+)
You are resistant to electric shocks. (rElec)
You are resistant to unholy torment.
You are immune to petrification.


   Skills:
 - Level 4.3 Fighting
 + Level 5.0 Axes
 - Level 3.2 Armour
 - Level 1.5 Dodging
 - Level 3.2 Shields


You had 5 spell levels left.
You didn't know any spells.
Your spell library was empty.

Inventory:

Hand Weapons
 i - a +0 flail
 Y - a +1 war axe (weapon)
Missiles
 g - 2 boomerangs (quivered)
Armour
 b - a +0 scale mail (worn)
 c - a +0 buckler (worn)
Scrolls
 a - 2 scrolls of identify
 f - a scroll of vulnerability {unknown}
Potions
 d - a potion of might
 e - a potion of resistance
 j - a potion of mutation

Dungeon Overview and Level Annotations

Branches:
Dungeon (4/15)
 Temple: D:4-7

Altars:


Message History

You slash the hound!
You kill the hound!
The gnoll hits you from afar with a +0 spear.
The gnoll closely misses you. The gnoll hits you but does no damage.
Your Fighting skill increases to level 4!
You have reached level 6!
The gnoll barely misses you.
Things that are here:
a +0 whip; a gnoll corpse You slash the gnoll!
You kill the gnoll!
The gnoll hits you from afar with a +0 spear.
The gnoll barely misses you.
The scorpion stings you but does no damage.
The gnoll hits you from afar with a +0 spear.
The gnoll hits you but does no damage.
You hit the scorpion but do no damage. You barely miss the gnoll.
The scorpion barely misses you.
The gnoll hits you but does no damage. x2
The scorpion misses you.
You hit the scorpion.
The scorpion is moderately wounded.
You hit the gnoll. The scorpion misses you. The gnoll closely misses you.
The gnoll hits you but does no damage.
You slash the scorpion!
You kill the scorpion!
You hit the gnoll. The gnoll hits you with a +0 spear.
You block the gnoll's attack.
Your Dodging skill increases to level 1!
You closely miss the gnoll.
The gnoll is heavily wounded.
The gnoll hits you with a +0 spear.
The gnoll hits you but does no damage. x2
The gnoll hits you with a +0 spear.
You barely miss the gnoll.
The gnoll is heavily wounded.
The gnoll hits you but does no damage. x2
You barely miss the gnoll.
The gnoll is heavily wounded.
The gnoll hits you from afar with a +0 spear.
You die...

#.#.# ######.#.#
........# #......#
#########......#
#.......#......#######.
#.......#..............
#.......#."....)).....#
#....<..#....#@##..##..
#....)........g)# ##
#.......#....#.g...#
#.......#.##.###...#
#.........##.# .....
####.##...##.# .#..#.
#. ##.....# .#... #.
#.#.... . ..# #. ....[


You could see 2 gnolls.

Vanquished Creatures
  A scorpion (D:4)
  An orc priest (D:3)
  A hound (D:4)
  A jelly (D:3)
  An orc wizard (D:3)
  4 gnolls (D:4)
  3 adders
  A white imp (D:3)
  2 worms
  7 orcs (D:3)
  3 endoplasms
  A goblin (D:2)
  4 hobgoblins
  3 jackals (D:3)
  2 quokkas
  8 ball pythons
  2 bats
  5 kobolds
  3 rats
53 creatures vanquished.

Notes
Turn   | Place    | Note
-------+----------+-------------------------------------------
     0 | D:1      | qw the Gargoyle Fighter began the quest for the Orb.
     0 | D:1      | Reached XP level 1. HP: 14/14 MP: 1/1
     0 | D:1      | 0 ||| qw: Version: 0.2-a-98-g5d7165a
     0 | D:1      | 0 ||| qw: Game counter: 84
     0 | D:1      | 0 ||| qw: Always use a shield: true
     0 | D:1      | 0 ||| qw: God list: Okawaru
     0 | D:1      | 0 ||| qw: Allow faded altars: false
     0 | D:1      | 0 ||| qw: Do Orc after D:15 true
     0 | D:1      | 0 ||| qw: Do second Lair branch before Depths: true
     0 | D:1      | 0 ||| qw: Lair rune preference: random
     0 | D:1      | 0 ||| qw: Plans: Normal, Zot:1-4, God:TSO, Crypt, Tomb,
                  | Pan, Slime:5, Hells, Abyss, Win
     0 | D:1      | 0 ||| PLANNING D:1-11
   151 | D:1      | Reached skill level 2 in Axes
   152 | D:1      | 152 ||| DROPPING +0 club.
   418 | D:1      | Reached XP level 2. HP: 19/19 MP: 2/2
   510 | D:1      | Found a faded altar of an unknown god.
   748 | D:1      | 748 ||| READING 4 scrolls labelled GIKI RUCEDISID.
   749 | D:1      | 749 ||| READING scroll labelled FEHEOJURENK.
   750 | D:1      | 750 ||| READING scroll labelled BAEGESADIMM.
   751 | D:1      | 751 ||| READING 3 scrolls of identify.
   751 | D:1      | 751 ||| IDENTIFYING bubbling clear potion
   752 | D:1      | 752 ||| READING 2 scrolls of identify.
   752 | D:1      | 752 ||| IDENTIFYING emerald potion
  1018 | D:2      | 1018 ||| Stepping ~*~*~tactically~*~*~ (stealth).
  1053 | D:2      | Reached skill level 3 in Axes
  1208 | D:2      | Reached XP level 3. HP: 19/23 MP: 3/3
  1384 | D:2      | 1384 ||| DROPPING amulet of faith.
  1385 | D:2      | 1385 ||| DROPPING ring of flight.
  1386 | D:2      | 1386 ||| READING 2 scrolls labelled TOMYKL GOUR.
  1387 | D:2      | 1387 ||| DROPPING scroll of noise.
  1404 | D:3      | 1404 ||| PLANNING SEWER
  1463 | D:3      | HP: 1/23 [acid (9)]
  1465 | D:3      | Reached XP level 4. HP: 2/28 MP: 4/4
  1584 | D:3      | 1584 ||| DROPPING +0 whip.
  1648 | D:3      | Reached skill level 4 in Axes
  1860 | D:3      | 1860 ||| Stepping ~*~*~tactically~*~*~ (hiding).
  1863 | D:3      | 1863 ||| Stepping ~*~*~tactically~*~*~ (hiding).
  1871 | D:3      | Reached XP level 5. HP: 32/32 MP: 5/5
  2072 | D:3      | 2072 ||| RIP SEWER
  2106 | D:3      | 2106 ||| PLANNING D:1-11
  2146 | D:3      | Reached skill level 5 in Axes
  2284 | D:3      | 2284 ||| READING scroll labelled XIDOAR JEOTT.
  2285 | D:3      | 2285 ||| DRINKING 2 fuming coppery potions.
  2286 | D:3      | 2286 ||| DRINKING 2 pink potions.
  2287 | D:3      | 2287 ||| READING 3 scrolls of identify.
  2287 | D:3      | 2287 ||| IDENTIFYING fuming orange potion
  2288 | D:3      | 2288 ||| DROPPING potion of flight.
  2289 | D:3      | 2289 ||| DROPPING potion of invisibility.
  2326 | D:4      | HP: 8/32 [gnoll/+0 spear (2)]
  2329 | D:4      | 2329 ||| DRINKING potion of heal wounds.
  2334 | D:4      | Reached XP level 6. HP: 18/39 MP: 6/6
  2339 | D:4      | HP: 9/39 [gnoll/+0 spear (2)]
  2340 | D:4      | Reached skill level 1 in Dodging
  2340 | D:4      | HP: 3/39 [gnoll/+0 spear (6)]
  2342 | D:4      | Slain by a gnoll

Levels and vault maps discovered:
D:1:      psy_arrival_radial01, layout_basic,
          hellmonk_ecumenical_altar_arch_garden
D:2:      minmay_alternating_diamond, layout_rooms
D:3:      layout_basic, portal_sewer_entry_d
D:4:      layout_rooms, general_overflow_altar,
          mainiacjoe_overflow_tiny_flanked, serial_shops, nicolae_shop_trees,
          kennysheep_generic_room_4, uniq_eustachio

Skill      XL: |  1  2  3  4  5  6 |
---------------+-------------------+-----
Axes           | 2 3 4 5 |  5.0
Fighting       | 4 |  4.3
Dodging        | 1 |  1.5
Armour         | |  3.2
Shields        | |  3.2

Action                     |  1- 3 |  4- 6 || total
---------------------------+-------+-------++-------
  Melee: War axe           |    86 |    77 ||   163
  Throw: Boomerang         |       |    16 ||    16
    Use: Scroll            |     6 |     2 ||     8
         Potion            |       |     3 ||     3
 Armour: Scale mail        |    41 |    39 ||    80
  Dodge: Dodged            |    32 |    48 ||    80
  Block: Buckler           |    12 |    19 ||    31

Table legend:
 A = Non-vault XP
 B = Vault XP
 C = Vault XP percentage of total XP
 D = Non-vault monster count
 E = Vault monster count
 F = Vault count percentage of total count
                 A         B        C        D         E       F
            +---------+---------+-------+---------+---------+-------
      Total |     367 |      62 |  14.5 |      47 |       6 |  11.3
            +---------+---------+-------+---------+---------+-------
        D:1 |      10 |       0 |   0.0 |       7 |       0 |   0.0
        D:2 |      19 |       5 |  20.8 |      10 |       4 |  28.6
        D:3 |     189 |      14 |   6.9 |      24 |       1 |   4.0
        D:4 |     149 |      43 |  22.4 |       6 |       1 |  14.3
            +---------+---------+-------+---------+---------+-------
